[Event "Team 45 45 League T58"]
[Site "Internet Chess Club"]
[Date "2013.09.07"]
[Round "3"]
[White "koni"]
[Black "SlimeDog2"]
[Result "1/2-1/2"]
[WhiteElo "1940"]
[BlackElo "2030"]
[Opening "English: symmetrical, three knights system"]
[ECO "A30"]
[Time "02:41:12"]
[TimeControl "2700+45"]

1. Nf3 Nf6 2. c4 c5 3. Nc3 d5 4. cxd5 Nxd5 5. d4 Nxc3 6. bxc3 g6 7. Bg5 Bg7 8.
Qd2 Qa5 9. Rc1 cxd4 10. cxd4 Qxd2+ 11. Nxd2 Nc6 12. e3 h6 13. Bh4 O-O 14. Bc4 e5
15. d5 Na5 16. e4 Nxc4 17. Nxc4 f5 18. f3 fxe4 19. fxe4 Rf4 20. Nd6 Rxh4 21.
Nxc8 Rxe4+ 22. Kf2 Rd4 23. Ke2 Bf8 24. Rhd1 Rxd1 25. Kxd1 Kf7 26. Rc7+ Ke8 27.
d6 Kd8 28. Ne7 Bxe7 29. Rxe7 Rc8 30. Rxb7 Rc6 31. Rxa7 Rxd6+ 32. Ke2 Rb6 33. Kf3
Rb2 34. Ra6 e4+ 35. Kg3 g5 36. Rxh6 Rxa2 37. Re6 Ra3+ 38. Kg4 Ra2 39. g3 Rxh2
40. Rxe4 Rh8 41. Kxg5 Rg8+ 42. Kf4 Rf8+ 43. Ke3 Kd7 44. g4 Rf1 45. Rf4 Re1+ 46.
Kf3 Ke7 47. g5 Rf1+ 48. Kg4 Rxf4+ 49. Kxf4 Kf7 {Game drawn by mutual agreement}
1/2-1/2

[Event "Team 45 45 League T58"]
[Site "Internet Chess Club"]
[Date "2013.09.08"]
[Round "3"]
[White "cysk"]
[Black "poni"]
[Result "1/2-1/2"]
[WhiteElo "1794"]
[BlackElo "1885"]
[Opening "Philidor: Improved Hanham variation"]
[ECO "B07"]
[Time "12:20:24"]
[TimeControl "2700+45"]

1. e4 d6 2. d4 Nf6 3. Nc3 e5 4. Nf3 Nbd7 5. Bc4 Be7 6. O-O O-O 7. Re1 c6 8. Bb3
b5 9. a3 a6 10. Bg5 h6 11. Bh4 Qc7 12. Bg3 Bb7 13. Nh4 Rfe8 14. Nf5 Bf8 15. dxe5
dxe5 16. h4 Nb6 17. Qf3 Kh7 18. Rad1 c5 19. Ba2 c4 20. Ne3 Kg8 21. h5 Nh7 22.
Bh4 Be7 23. Bxe7 Qxe7 24. Nf5 Qc7 25. Nd5 Nxd5 26. exd5 Ng5 27. Qg3 Rad8 28. b3
Bxd5 29. bxc4 bxc4 30. Qc3 Ne4 31. Qe3 Bb7 32. Rb1 Ng5 33. Qb6 {Game drawn by
mutual agreement} 1/2-1/2

[Event "Team 45 45 League T58"]
[Site "Internet Chess Club"]
[Date "2013.09.08"]
[Round "3"]
[White "Greedy-Reedy"]
[Black "Goli"]
[Result "0-1"]
[WhiteElo "1998"]
[BlackElo "1861"]
[Opening "Pirc: Austrian attack, 6.Be3"]
[ECO "B06"]
[Time "14:32:28"]
[TimeControl "2700+45"]

1. e4 g6 2. d4 Bg7 3. Nc3 d6 4. f4 Nf6 5. Nf3 O-O 6. Be3 Ng4 7. Bg1 c6 8. h3 Nf6
9. Be3 Nh5 10. Ne2 Nf6 11. Ng3 Nbd7 12. Bd3 Qc7 13. O-O e5 14. c3 h6 15. Qd2 Kh7
16. Kh1 c5 17. dxe5 dxe5 18. c4 b6 19. Ne2 Bb7 20. Qc2 Rae8 21. fxe5 Nxe5 22.
Nxe5 Qxe5 23. Bf4 Qe6 24. e5 Nh5 25. Rae1 Qc6 26. Ng3 Nxf4 27. Rxf4 Bxe5 28. Rg4
Bxg3 29. Rxe8 Rxe8 30. Rxg3 Re1+ 31. Kh2 Qd6 32. Qf2 Re7 33. Kh1 Qe5 34. Kh2 Kg7
35. Bf1 Rd7 36. Kh1 Rd1 37. Rd3 Rxd3 38. Bxd3 f5 39. Bf1 Be4 40. Qd2 Qd4 41. Qe2
g5 42. Kh2 Kg6 43. b3 Qe5+ 44. Kg1 Qf4 45. Qd1 Qe3+ 46. Kh2 Qf2 47. Qd6+ Kf7 48.
Qd7+ Kf6 49. Qd6+ Kf7 50. Qd7+ Kf8 51. Qd8+ Kf7 52. Qd7+ Kf6 53. Qd6+ Kf7 54.
Qd7+ Kg6 55. Qd6+ Kh5 56. Qf8 Qf4+ 57. Kg1 Qe3+ 58. Kh2 f4 59. Qe8+ Kh4 60. Qe6
h5 61. Qd7 Qg3+ 62. Kg1 f3 63. Qe6 Qf4 64. Kh1 fxg2+ 65. Bxg2 Qf1+ {White
resigns} 0-1

[Event "Team 45 45 League T58"]
[Site "Internet Chess Club"]
[Date "2013.09.09"]
[Round "3"]
[White "laurenpar"]
[Black "FourKnights"]
[Result "1-0"]
[WhiteElo "1951"]
[BlackElo "1790"]
[Opening "English: Neo-Catalan"]
[ECO "A13"]
[Time "09:04:03"]
[TimeControl "2700+45"]

1. Nf3 d5 2. c4 e6 3. g3 Nf6 4. Bg2 Bd6 5. b3 O-O 6. Bb2 c5 7. e3 Nc6 8. O-O Bd7
9. d4 Qc7 10. dxc5 Bxc5 11. Bxf6 gxf6 12. cxd5 exd5 13. Nc3 Ne7 14. Nxd5 Nxd5
15. Qxd5 Be6 16. Qh5 Qe7 17. Nh4 Rad8 18. Be4 f5 19. Nxf5 Qf6 20. Ne7+ Bxe7 21.
Qxh7# {Black checkmated} 1-0

[Event "Team 45 45 League T58"]
[Site "Internet Chess Club"]
[Date "2013.09.09"]
[Round "3"]
[White "mugurelt"]
[Black "Goldenberg"]
[Result "0-1"]
[WhiteElo "1788"]
[BlackElo "1931"]
[Opening "English: symmetrical, main line with d3"]
[ECO "A38"]
[Time "17:10:29"]
[TimeControl "2700+45"]

1. c4 c5 2. g3 g6 3. Bg2 Bg7 4. Nf3 Nc6 5. Nc3 Nf6 6. O-O O-O 7. d3 d5 8. cxd5
Nxd5 9. Nxd5 Qxd5 10. Ng5 Qf5 11. Bh3 Qf6 12. Ne4 Qe5 13. f4 Qh5 14. Bg2 Nd4 15.
e3 Bg4 16. Qd2 Nf3+ 17. Bxf3 Bxf3 18. Nxc5 b6 19. Nd7 Rfd8 20. Ne5 Bxe5 21. fxe5
Be2 22. Rf2 Bxd3 23. b3 Be4 24. Qb2 Rd1+ 25. Rf1 Qf3 26. Rxd1 Qxd1+ 27. Kf2 Qf3+
28. Ke1 Qh1+ 29. Kf2 Rd8 30. Qe2 Qg2+ 31. Ke1 Qg1+ 32. Qf1 Rd1+ {White resigns}
0-1

[Event "Team 45 45 League T58"]
[Site "Internet Chess Club"]
[Date "2013.09.08"]
[Round "3"]
[White "ausya"]
[Black "noblitz-oblige"]
[Result "1-0"]
[WhiteElo "1744"]
[BlackElo "1570"]
[Opening "Ruy Lopez: Möller defense"]
[ECO "C78"]
[Time "11:00:29"]
[TimeControl "2700+45"]

1. e4 e5 2. Nf3 Nc6 3. Bb5 a6 4. Ba4 Nf6 5. O-O Bc5 6. d3 b5 7. Bb3 h6 8. h3 O-O
9. Re1 Re8 10. Nbd2 d5 11. exd5 Nxd5 12. Ne4 Bb6 13. Bxh6 Re6 14. Bg5 Qd7 15. c4
bxc4 16. dxc4 {Black resigns} 1-0

[Event "Team 45 45 League T58"]
[Site "Internet Chess Club"]
[Date "2013.09.04"]
[Round "3"]
[White "RD1974"]
[Black "JasonModer"]
[Result "1-0"]
[WhiteElo "1645"]
[BlackElo "1523"]
[Opening "Réti: King's Indian attack (Barcza system)"]
[ECO "A07"]
[Time "18:31:19"]
[TimeControl "2700+45"]

1. Nf3 d5 2. g3 Nc6 3. Bg2 e5 4. d3 Nf6 5. Bg5 Bf5 6. Nfd2 Bc5 7. O-O h6 8. Bxf6
Qxf6 9. Bxd5 O-O-O 10. Bg2 e4 11. Bxe4 Bh3 12. Bg2 Bxg2 13. Kxg2 Qxb2 14. Nb3
Nd4 15. N1d2 Bb4 16. Nxd4 Rxd4 17. Nf3 Rd6 18. c4 Qf6 19. Qa4 Bc5 20. Qb5 Bb6
21. a4 a6 22. Qb3 Ba5 23. c5 Rc6 24. d4 b6 25. Rab1 Re6 26. Ne5 Rd8 27. e3 Rxe5
28. dxe5 Qxe5 29. cxb6 Bxb6 30. Qxf7 Rd2 31. Kg1 Qe4 32. Qf8+ Rd8 33. Qa3 Rd3
34. Qc1 Ba5 35. Qc5 Rd5 36. Qc6 Qd3 37. Qe6+ Rd7 38. Rbd1 Bd2 39. Rb1 c5 40.
Qc6+ Rc7 41. Qe8+ Qd8 42. Rb8+ Kxb8 43. Qxd8+ Rc8 44. Qxd2 c4 45. Rb1+ Ka7 46.
Qd7+ Ka8 47. Qb7# {Black checkmated} 1-0

[Event "Team 45 45 League T58"]
[Site "Internet Chess Club"]
[Date "2013.09.04"]
[Round "3"]
[White "moodle"]
[Black "Mitochondria"]
[Result "0-1"]
[WhiteElo "1440"]
[BlackElo "1483"]
[Opening "Sicilian: Alapin's variation (2.c3)"]
[ECO "B22"]
[Time "19:00:52"]
[TimeControl "2700+45"]

1. e4 c5 2. c3 Nc6 3. d4 cxd4 4. cxd4 e6 5. Nf3 Nf6 6. Nc3 Bb4 7. e5 Nd5 8. Bd2
Qa5 9. Nb5 O-O 10. Bxb4 Qxb4+ 11. Qd2 a6 12. Nc3 Nxc3 13. bxc3 Qe7 14. Be2 b5
15. O-O Bb7 16. Rab1 Qa3 17. c4 Qa5 18. Qxa5 Nxa5 19. cxb5 axb5 20. Rxb5 Ba6 21.
Rb2 Nc4 22. Bxc4 Bxc4 23. Ra1 Ra3 24. Nd2 Bd5 25. Nb1 Rd3 26. Rd2 Rc8 27. h3
Rc1+ 28. Kh2 Rxd2 29. a4 Ra2 30. Rxa2 Bxa2 31. Nd2 Bd5 {White resigns} 0-1

[Event "Team 45 45 League T58"]
[Site "Internet Chess Club"]
[Date "2013.09.07"]
[Round "3"]
[White "jps7"]
[Black "nidusin2"]
[Result "1-0"]
[WhiteElo "1701"]
[BlackElo "1643"]
[Opening "Queen's pawn: Yusupov-Rubinstein system"]
[ECO "A46"]
[Time "21:01:11"]
[TimeControl "2700+45"]

1. d4 Nf6 2. Nf3 e6 3. e3 b6 4. Bd3 Bb7 5. Nbd2 c5 6. O-O d5 7. b3 Nbd7 8. Bb2
Be7 9. Ne5 O-O 10. f4 Rc8 11. c3 Re8 12. Rf3 c4 13. Bc2 b5 14. Rh3 Bf8 15. Bxh7+
Nxh7 16. Qh5 Ndf6 17. Qxf7+ Kh8 18. Ng6# {Black checkmated} 1-0

[Event "Team 45 45 League T58"]
[Site "Internet Chess Club"]
[Date "2013.09.08"]
[Round "3"]
[White "WOLFSPELZ"]
[Black "monkeyshark"]
[Result "1-0"]
[WhiteElo "1421"]
[BlackElo "1562"]
[Opening "QGD: 4.Bg5 Be7"]
[ECO "D53"]
[Time "15:06:28"]
[TimeControl "2700+45"]

1. d4 d5 2. c4 e6 3. Nc3 Nf6 4. Bg5 Be7 5. cxd5 exd5 6. e3 O-O 7. Bd3 Nbd7 8.
Nf3 h6 9. Bh4 b6 10. O-O Bb7 11. Rc1 Rc8 12. a3 a5 13. Qe2 Ne4 14. Bxe7 Qxe7 15.
Ba6 Bxa6 16. Qxa6 Ndf6 17. Rc2 Nxc3 18. Rxc3 Ne4 19. Rc6 Ra8 20. Qb5 a4 21. Qxd5
Ra5 22. Qc4 Rc8 23. Rc1 Ra7 24. Ne5 Nd2 25. Qe2 Nb3 26. R1c3 Qe8 27. Qg4 Kh8 28.
Nxf7+ Qxf7 29. Qxc8+ Kh7 30. h3 Nd2 31. Qe6 Qh5 32. Qg4 Qf7 33. e4 Qe7 34. e5
Nb3 35. Qe4+ Kh8 36. Qg4 Qf7 37. Qc8+ Kh7 38. Rxc7 Rxc7 39. Rxc7 Qg6 40. Qd7 Nd2
41. Qc6 Qg5 42. Qc2+ Kh8 43. Rc8+ {Black resigns} 1-0

[Event "Team 45 45 League T58"]
[Site "Internet Chess Club"]
[Date "2013.09.09"]
[Round "3"]
[White "Insan996"]
[Black "lemanofzorn"]
[Result "0-1"]
[WhiteElo "1539"]
[BlackElo "1642"]
[Opening "Old Indian: Tartakower (Wade) variation"]
[ECO "A41"]
[Time "20:00:14"]
[TimeControl "2700+45"]

1. d4 d6 2. Nf3 Bg4 3. e4 Bxf3 4. Qxf3 e5 5. Bc4 Qf6 6. c3 Qxf3 7. gxf3 Nd7 8.
f4 Ngf6 9. f3 g6 10. fxe5 dxe5 11. Bg5 Bg7 12. Nd2 c6 13. O-O-O h5 14. Bb3 O-O
15. Rhg1 Kh7 16. f4 exf4 17. Bxf4 Bh6 18. Rdf1 Bxf4 19. Rxf4 Kg7 20. Rgf1 Rae8
21. e5 Nd5 22. R4f3 f5 23. Nc4 b6 24. a4 Rb8 25. Nd6 Ne7 26. Be6 Rbd8 27. Kd2 c5
28. Rc1 Nc6 29. Nb7 Ndxe5 30. Nxd8 Nxf3+ 31. Ke3 Nxd8 32. Bd5 Nxh2 33. Kf4 Ng4
34. dxc5 bxc5 35. Re1 Nf6 36. Bc4 Ne4 37. Rd1 g5+ 38. Kf3 Nc6 39. Rd5 Kf6 40.
Be2 Rd8 41. Rxd8 Nxd8 42. Bd3 Ke5 {White resigns} 0-1

[Event "Team 45 45 League T58"]
[Site "Internet Chess Club"]
[Date "2013.09.08"]
[Round "3"]
[White "BrerRabbit"]
[Black "BotanicalKnight"]
[Result "1-0"]
[WhiteElo "1482"]
[BlackElo "1474"]
[Opening "Dutch"]
[ECO "A80"]
[Time "19:01:26"]
[TimeControl "2700+45"]

1. d4 f5 2. Nf3 e6 3. Bf4 d5 4. e3 Nf6 5. c4 Be7 6. Nc3 c6 7. h3 O-O 8. Qc2 Ne4
9. g4 Qa5 10. Rc1 Nd7 11. a3 Ndf6 12. gxf5 exf5 13. Kd1 Bd7 14. Bd3 Rac8 15. c5
b5 16. Ne5 Be6 17. f3 b4 18. axb4 Nxc3+ 19. bxc3 Qd8 20. Bxf5 Bxf5 21. Qxf5 Kh8
22. Qe6 Qe8 23. Ra1 Ra8 24. Qxc6 Qh5 25. Kc2 Qf5+ 26. Kb3 Rfc8 27. Qb7 Bf8 28.
Qf7 Re8 29. Rxa7 Rxa7 30. Qxa7 g5 31. Nf7+ Kg8 32. Nd6 Qd3 33. Qf7+ Kh8 34.
Qxf6+ Bg7 35. Qf5 Qa6 36. Nxe8 Qc4+ 37. Kb2 Qe2+ 38. Qc2 Qxf3 39. Bxg5 Qxh1 40.
Nxg7 Kxg7 41. Bf4 Qxh3 42. b5 Qd7 43. b6 Qb5+ 44. Qb3 Qe2+ 45. Ka3 Qa6+ 46. Qa4
Qd3 47. Kb4 Qc4+ 48. Ka5 Qxc3+ 49. Ka6 Qd3+ 50. Ka7 Qf5 51. Qc6 {Black resigns}
1-0

[Event "Team 45 45 League T58"]
[Site "Internet Chess Club"]
[Date "2013.09.06"]
[Round "3"]
[White "medsurg"]
[Black "one-over"]
[Result "1-0"]
[WhiteElo "1348"]
[BlackElo "1280"]
[Opening "French: Winawer, advance, 6...Ne7"]
[ECO "C18"]
[Time "19:11:57"]
[TimeControl "2700+45"]

1. e4 e6 2. d4 d5 3. Nc3 Bb4 4. e5 c5 5. a3 Bxc3+ 6. bxc3 Ne7 7. Bd3 Nbc6 8. Qg4
c4 9. Be2 Bd7 10. Qxg7 Rg8 11. Qxh7 Qa5 12. Bd2 O-O-O 13. Qxf7 Rdf8 14. Qh5 Rh8
15. Qg4 Qd8 16. h4 Rfg8 17. Qh3 Qf8 18. g4 Ng6 19. h5 Nf4 20. Bxf4 Qxf4 21. Qg3
Rf8 22. Qxf4 Rxf4 23. Nh3 Rf7 24. f4 Rhf8 25. Rf1 Rh8 26. g5 Ne7 27. g6 Rg7 28.
Ng5 Nf5 29. Kf2 Kc7 30. Rg1 Kc6 31. Bg4 Kc7 32. Bxf5 exf5 33. Rh1 Kc6 34. Rag1
Kc7 35. Nf7 Rf8 36. h6 Rxg6 37. Rxg6 Rxf7 38. h7 Rxh7 39. Rxh7 {Black resigns}
1-0

[Event "Team 45 45 League T58"]
[Site "Internet Chess Club"]
[Date "2013.09.07"]
[Round "3"]
[White "sere"]
[Black "kingsrook"]
[Result "0-1"]
[WhiteElo "1154"]
[BlackElo "1271"]
[Opening "Sicilian: Anderssen variation"]
[ECO "B41"]
[Time "11:11:52"]
[TimeControl "2700+45"]

1. e4 c5 2. Nf3 e6 3. d4 cxd4 4. Nxd4 Nf6 5. Nc3 Nc6 6. Bc4 d5 7. exd5 exd5 8.
Bb3 Be7 9. O-O O-O 10. Ndb5 a6 11. Nd4 Re8 12. Be3 Bc5 13. Re1 Bb4 14. Nde2 Bg4
15. Qd3 Ne5 16. Bd2 Nxd3 17. cxd3 d4 18. Nb1 Bxd2 19. Nxd2 Bxe2 20. Ba4 b5 21.
Bc2 Rc8 22. Rac1 Qd7 23. f3 Re7 24. Nb3 Qd6 25. Na5 Rce8 26. a4 Bxd3 27. Rxe7
Qxe7 28. Bxd3 Qe3+ 29. Kf1 Qxc1+ 30. Kf2 Qd2+ 31. Kg3 Qxd3 32. b3 Re2 {White
resigns} 0-1

[Event "Team 45 45 League T58"]
[Site "Internet Chess Club"]
[Date "2013.09.05"]
[Round "3"]
[White "rookmaster23"]
[Black "RudiV"]
[Result "1-0"]
[WhiteElo "1652"]
[BlackElo "1414"]
[Opening "French: classical, Steinitz variation"]
[ECO "C14"]
[Time "22:07:38"]
[TimeControl "2700+45"]

1. e4 e6 2. d4 d5 3. Nc3 Nf6 4. Bg5 Be7 5. e5 Nfd7 6. Bxe7 Qxe7 7. f4 c5 8. Nf3
cxd4 9. Nxd4 Nc6 10. Ncb5 O-O 11. Nd6 Nc5 12. c4 Ne4 13. cxd5 Nxd6 14. exd6 Qxd6
15. dxc6 Rd8 16. Nf3 Qb4+ 17. Nd2 bxc6 18. Qc2 c5 19. Bd3 Qxf4 20. Bxh7+ Kh8 21.
Bd3 Bb7 22. Rf1 Qe5+ 23. Kd1 Qh5+ 24. Be2 Qd5 25. Rxf7 Rf8 26. Bf3 Qd4 27. Bxb7
Qg1+ 28. Ke2 Qxa1 29. Bxa8 Rxf7 30. Qxc5 Qxb2 31. Qc8+ Kh7 32. Be4+ g6 33. Qxe6
Qb5+ 34. Bd3 Qh5+ 35. Nf3 Kg7 36. Bc4 Qf5 37. Qxf7+ Qxf7 38. Bxf7 Kxf7 39. Ke3
{Black resigns} 1-0

[Event "Team 45 45 League T58"]
[Site "Internet Chess Club"]
[Date "2013.09.05"]
[Round "3"]
[White "tightfist"]
[Black "smsxman"]
[Result "1-0"]
[WhiteElo "1597"]
[BlackElo "1390"]
[Opening "English: Bremen, Smyslov system"]
[ECO "A22"]
[Time "22:02:43"]
[TimeControl "2700+45"]

1. c4 e5 2. Nc3 Nf6 3. g3 Bb4 4. Bg2 Nc6 5. d3 O-O 6. Bd2 Re8 7. Nf3 d5 8. cxd5
Nxd5 9. O-O Bxc3 10. bxc3 Bg4 11. Qb3 Nb6 12. Rfe1 e4 13. dxe4 Bxf3 14. Bxf3
Qxd2 15. Rad1 Qh6 16. Kg2 Ne5 17. Rd4 Rad8 18. Rb4 Nxf3 19. exf3 Qe6 20. Qc2 c5
21. Rb5 Qc6 22. Reb1 h6 23. a4 Rd6 24. a5 Nc4 25. Rxb7 Na3 26. Qb3 Nxb1 27.
Qxf7+ {Black resigns} 1-0

[Event "Team 45 45 League T58"]
[Site "Internet Chess Club"]
[Date "2013.09.08"]
[Round "3"]
[White "Tribe97"]
[Black "jjaillet2007"]
[Result "0-1"]
[WhiteElo "1284"]
[BlackElo "1384"]
[Opening "French: Marshall variation"]
[ECO "C10"]
[Time "21:01:18"]
[TimeControl "2700+45"]

1. e4 e6 2. d4 d5 3. Nc3 c5 4. Nf3 Nc6 5. Bb5 a6 6. Bxc6+ bxc6 7. Be3 Qb6 8. Rb1
Nf6 9. Na4 Qa5+ 10. Nc3 cxd4 11. b4 Bxb4 12. Nxd4 Bxc3+ 13. Bd2 Bxd2+ 14. Qxd2
Qxd2+ 15. Kxd2 Nxe4+ 16. Ke2 Nc3+ 17. Kd2 Nxb1+ 18. Rxb1 Bd7 19. Rb7 e5 20. Nb3
Ke7 21. Nc5 Rhd8 22. Nd3 Kd6 23. f3 Rdb8 24. Rxd7+ Kxd7 25. Nxe5+ Kd6 26. Nxf7+
Ke6 27. Ng5+ Kf6 28. h4 h6 29. Nh3 Rb2 30. g4 Rxa2 31. g5+ hxg5 32. hxg5+ Kf5
33. f4 Rh8 {White resigns} 0-1

[Event "Team 45 45 League T58"]
[Site "Internet Chess Club"]
[Date "2013.09.07"]
[Round "3"]
[White "globulon"]
[Black "Toalla"]
[Result "0-1"]
[WhiteElo "1435"]
[BlackElo "1330"]
[Opening "Sicilian: Najdorf, Opocensky variation"]
[ECO "B92"]
[Time "11:01:48"]
[TimeControl "2700+45"]

1. e4 c5 2. Nf3 d6 3. d4 cxd4 4. Nxd4 Nf6 5. Nc3 a6 6. Be2 e5 7. Nb3 Be6 8. Be3
Be7 9. f3 Nc6 10. Qd2 O-O 11. O-O-O b5 12. g4 b4 13. Nd5 Re8 14. h4 a5 15. Nxf6+
gxf6 16. g5 a4 17. Rdg1 axb3 18. gxf6+ Kh8 19. Bh6 Bxf6 20. cxb3 Rxa2 21. Kb1
Bxb3 22. Bg5 Ra1+ 23. Kxa1 Qa8+ 24. Kb1 Qa2+ 25. Kc1 Qa1# {White checkmated} 0-1

[Event "Team 45 45 League T58"]
[Site "Internet Chess Club"]
[Date "2013.09.09"]
[Round "3"]
[White "rom1"]
[Black "pmxpp"]
[Result "1-0"]
[WhiteElo "1589"]
[BlackElo "1457"]
[Opening "QGD semi-Slav"]
[ECO "D43"]
[Time "14:07:35"]
[TimeControl "2700+45"]

1. d4 d5 2. c4 c6 3. Nc3 e6 4. Nf3 Nf6 5. Bg5 Be7 6. e3 Nbd7 7. Bd3 O-O 8. O-O
Re8 9. Qc2 a6 10. c5 h6 11. Bh4 Bf8 12. Ne5 g5 13. Bg3 Bg7 14. Nxf7 Kxf7 15.
Bg6+ Kg8 16. Be5 Nf8 17. Bxe8 Qxe8 18. Na4 N8d7 19. Bd6 Ne4 20. Bc7 e5 21. Nc3
Nxc3 22. Qxc3 e4 23. f3 Nf6 24. Be5 Qd8 25. Bxf6 Bxf6 26. fxe4 dxe4 27. Rf2 Bg7
28. Qc4+ Kh7 29. Raf1 Qg8 30. Rf7 b5 31. cxb6 Bg4 32. Qxc6 Bh5 33. Rc7 Qe8 34.
Qb7 Qg8 35. Qxe4+ Kh8 36. b7 Rb8 37. Qc6 Bg4 38. Rff7 {Black forfeits on time}
1-0

[Event "Team 45 45 League T58"]
[Site "Internet Chess Club"]
[Date "2013.09.07"]
[Round "3"]
[White "Berke"]
[Black "oldsj"]
[Result "0-1"]
[WhiteElo "1545"]
[BlackElo "1553"]
[Opening "Sicilian: Alapin's variation (2.c3)"]
[ECO "B22"]
[Time "09:05:01"]
[TimeControl "2700+45"]

1. e4 c5 2. c3 Nc6 3. d4 cxd4 4. cxd4 e6 5. Nf3 Nf6 6. e5 Nd5 7. a3 Be7 8. Bd3
O-O 9. O-O d6 10. Qe2 dxe5 11. dxe5 Bd7 12. Nbd2 Nf4 13. Qe4 Nxd3 14. Qxd3 Qc7
15. Re1 Rfd8 16. Nb3 Bf8 17. Ng5 g6 18. Qe4 Bg7 19. Bf4 Qb6 20. Re3 Ne7 21. Rc3
Nf5 22. g4 Bc6 23. Qe2 Nd4 24. Nxd4 Qxd4 25. Rac1 {White resigns} 0-1

[Event "Team 45 45 League T58"]
[Site "Internet Chess Club"]
[Date "2013.09.08"]
[Round "3"]
[White "Tjet"]
[Black "tamky70"]
[Result "1-0"]
[WhiteElo "1500"]
[BlackElo "1380"]
[Opening "English: ultra-symmetrical variation"]
[ECO "A36"]
[Time "20:30:55"]
[TimeControl "2700+45"]

1. c4 c5 2. g3 g6 3. Bg2 Bg7 4. Nc3 Nc6 5. d3 d6 6. Nf3 Nf6 7. O-O O-O 8. e4 e5
9. h3 h6 10. Kh2 Nd4 11. Nxd4 cxd4 12. Nd5 Kh7 13. Nxf6+ Bxf6 14. Bd2 Be6 15.
Qc1 Bg7 16. a3 b6 17. b4 Rc8 18. b5 Qd7 19. Qd1 f5 20. exf5 Bxf5 21. Bb4 Rcd8
22. g4 Be6 23. f3 Qe7 24. Be1 Bf6 25. Bg3 Bh4 26. Qe1 Bxg3+ 27. Qxg3 Rf4 28.
Rfe1 d5 29. Rxe5 Rdf8 30. Rae1 dxc4 31. Rxe6 Qxa3 32. Re7+ Kg8 33. Re8 c3 34.
Qxf4 Rxe8 35. Rxe8+ Kg7 36. Qe5+ Kf7 37. Qe6+ Kg7 38. Rg8+ {Black resigns} 1-0

[Event "Team 45 45 League T58"]
[Site "Internet Chess Club"]
[Date "2013.09.06"]
[Round "3"]
[White "QuimCatala"]
[Black "Fogbound"]
[Result "1/2-1/2"]
[WhiteElo "1496"]
[BlackElo "1254"]
[Opening "Caro-Kann: advance variation"]
[ECO "B12"]
[Time "14:00:08"]
[TimeControl "2700+45"]

1. e4 c6 2. d4 d5 3. e5 c5 4. c3 Nc6 5. Nf3 Bg4 6. Be3 e6 7. b3 Nh6 8. Bb5 Nf5
9. Bg5 Be7 10. Bxe7 Qxe7 11. Qd3 O-O 12. Bxc6 bxc6 13. Nbd2 Rab8 14. h3 Bxf3 15.
Nxf3 Qd8 16. O-O Qa5 17. Ng5 c4 18. Qc2 Qa3 19. g4 Qe7 20. Nf3 Nh4 21. Qd1 f5
22. exf6 Qxf6 23. Nxh4 Qxh4 24. Kg2 Rf6 25. Qe2 Rh6 26. Rh1 Rf8 27. Raf1 Qe7 28.
b4 Rhf6 29. Kg1 Rf3 30. Qd2 Qh4 31. Rh2 R8f4 32. Qe2 Qf6 33. a4 Re4 34. Qd2 Qh4
35. Kg2 Ref4 36. Qe1 Qf6 37. Kg1 Re4 38. Qd2 Ref4 {Game drawn by mutual
agreement} 1/2-1/2

[Event "Team 45 45 League T58"]
[Site "Internet Chess Club"]
[Date "2013.09.07"]
[Round "3"]
[White "arnx813"]
[Black "Littlemon"]
[Result "0-1"]
[WhiteElo "1386"]
[BlackElo "1446"]
[Opening "Four knights: Spanish variation"]
[ECO "C48"]
[Time "19:17:28"]
[TimeControl "2700+45"]

1. e4 e5 2. Nf3 Nc6 3. Nc3 Nf6 4. Bb5 d6 5. d4 Bd7 6. d5 Ne7 7. Qe2 a6 8. Bxd7+
Qxd7 9. O-O g6 10. Rd1 Bg7 11. Bg5 h6 12. Bc1 Nh7 13. a4 O-O 14. Be3 f5 15. Qc4
fxe4 16. Nxe4 Nf6 17. Nxe5 dxe5 18. d6+ Kh7 19. Nxf6+ Rxf6 20. dxe7 Qxe7 21. Bc5
Rc6 22. b4 b6 23. Qd5 Qe6 24. Qxe6 Rxe6 25. Be3 Rc6 26. Rac1 Rc4 27. c3 e4 28.
Bd4 Rd8 29. Bxg7 Rxd1+ 30. Rxd1 Kxg7 31. Rd7+ Kf6 32. Rh7 h5 33. b5 Rxc3 34. h3
axb5 35. axb5 Rc5 36. Rd7 Rxb5 37. Rxc7 Re5 38. Rc6+ Re6 39. Rc3 Ke5 40. Rb3 Kd4
41. Kf1 Kc4 42. Re3 b5 43. Ke1 b4 44. Kd1 Kd4 45. Rb3 Rb6 46. Kd2 Kc4 47. Re3
Kd4 48. Rb3 g5 49. g3 g4 50. hxg4 hxg4 51. Kc2 Rc6+ 52. Kd2 Rc4 53. Ke2 Kc5 54.
f4 exf3+ {White resigns} 0-1

[Event "Team 45 45 League T58"]
[Site "Internet Chess Club"]
[Date "2013.09.05"]
[Round "3"]
[White "viktory"]
[Black "PostMike"]
[Result "1-0"]
[WhiteElo "1458"]
[BlackElo "1455"]
[Opening "Nimzo-Indian: Leningrad variation"]
[ECO "E30"]
[Time "15:45:44"]
[TimeControl "2700+45"]

1. d4 Nf6 2. c4 e6 3. Nc3 Bb4 4. Bg5 b6 5. e4 h6 6. Bxf6 Qxf6 7. Nf3 Bb7 8. Bd3
c5 9. Bc2 cxd4 10. Nxd4 Bxc3+ 11. bxc3 O-O 12. O-O Nc6 13. Qd3 Ne5 14. Qe2 Rfc8
15. Bb3 Rc5 16. f4 Nc6 17. Rad1 Qe7 18. Rf3 Rc8 19. Rg3 Na5 20. Qg4 f6 21. Qg6
Kh8 22. Nb5 Nxc4 23. Bxc4 Rxc4 24. Nd6 Bxe4 25. Nf7+ {Black resigns} 1-0

[Event "Team 45 45 League T58"]
[Site "Internet Chess Club"]
[Date "2013.09.06"]
[Round "3"]
[White "DrOMM"]
[Black "wildcat2023"]
[Result "0-1"]
[WhiteElo "1329"]
[BlackElo "1545"]
[Opening "Giuoco Piano"]
[ECO "C50"]
[Time "16:17:56"]
[TimeControl "2700+45"]

1. e4 e5 2. Nf3 Nc6 3. Bc4 Bc5 4. O-O Nf6 5. Nc3 O-O 6. h3 Qe7 7. a3 a5 8. d3 h6
9. Ne2 a4 10. Ng3 d6 11. b4 axb3 12. Bxb3 Bd4 13. Nxd4 Nxd4 14. Ba2 Be6 15. c3
Nc6 16. Bb3 d5 17. f4 dxe4 18. Bxe6 Qxe6 19. dxe4 Rfd8 20. Qe2 b6 21. fxe5 Nxe5
22. Bf4 c5 23. Rad1 Rxd1 24. Rxd1 Rxa3 25. Qe3 Ra8 26. Nf5 Ng6 27. Ng3 Qb3 28.
Bc7 Qxd1+ {White resigns} 0-1

[Event "Team 45 45 League T58"]
[Site "Internet Chess Club"]
[Date "2013.09.05"]
[Round "3"]
[White "ethan0627"]
[Black "Aquaman"]
[Result "1/2-1/2"]
[WhiteElo "1361"]
[BlackElo "1393"]
[Opening "Robatsch (modern) defense"]
[ECO "B34"]
[Time "20:02:35"]
[TimeControl "2700+45"]

1. e4 g6 2. d4 Bg7 3. Nf3 c5 4. Nc3 cxd4 5. Nxd4 Nc6 6. Be3 Nf6 7. Qd2 Ng4 8.
O-O-O Nxe3 9. Qxe3 Nxd4 10. Rxd4 Bxd4 11. Qxd4 O-O 12. Be2 d6 13. Rd1 b6 14. e5
Bb7 15. g3 dxe5 16. Qxe5 Qc8 17. Qxe7 Re8 18. Qg5 Qc5 19. Qxc5 bxc5 20. Rd7 Bc6
21. Rc7 Rec8 22. Re7 Kf8 23. Re5 Be8 24. Ne4 c4 25. Nf6 h5 26. Re3 a6 27. Rc3
Bb5 28. Nd5 Ra7 29. Nb6 Re8 30. Bxc4 Bxc4 31. Rxc4 Re1+ 32. Kd2 Rae7 33. Rf4 Rh1
34. h4 Ree1 35. b3 Rd1+ 36. Kc3 Rh2 37. Nc4 f5 38. Ne5 Kg7 39. Nd3 Rf1 40. Kd2
Kf6 41. Ke2 Ra1 42. a4 Rhh1 43. Kd2 g5 44. hxg5+ Kxg5 45. Ke3 Ra2 46. Kd2 h4 47.
Nc1 Ra1 48. Ne2 h3 49. Rh4 Rad1+ 50. Ke3 Rd6 51. Nf4 h2 52. Nh3+ Kg6 53. Nf4+
Kg7 54. Ke2 Rh6 55. Nh5+ Kg6 56. Nf4+ Kh7 57. Nh5 Kg6 58. Nf4+ Kg5 59. Nh3+ Kg6
60. Nf4+ {Game drawn by repetition} 1/2-1/2